 Dungeon Crawl Stone Soup version 0.25-a0-420-g1cc7eeb0d1 (webtiles) character file.

Game seed: 17022107810770970661, levelgen mode: deterministic

60 Ajdolov the Poker (level 4, -4/34 HPs)
             Began as a Merfolk Gladiator on Jan 19, 2020.
             Slain by Sigmund
             ... wielding a +0 scythe
              (12 damage)
             ... on level 2 of the Dungeon.
             The game lasted 00:02:50 (1312 turns).

Ajdolov the Poker (Merfolk Gladiator)               Turns: 1312, Time: 00:02:50

Health: -4/34      AC:  7    Str: 15    XL:     4   Next: 6%
Magic:  4/4        EV: 11    Int:  7    God:
Gold:   75         SH:  0    Dex: 15    Spells: 3/3 levels left

rFire    . . .     SeeInvis .   a - +0 trident
rCold    . . .     Gourm    .   (no shield)
rNeg     . . .     Faith    .   n - +0 scale mail
rPois    .         Spirit   .   c - +0 helmet
rElec    .         Reflect  .   (no cloak)
rCorr    .         Harm     .   (no gloves)
MR       .....                  (no boots)
Stlth    ..........             (no amulet)
HPRegen  0.11/turn              (no ring)
MPRegen  0.09/turn              (no ring)

@: no status effects
A: change form in water, swift swim, stealthy swim
a: no special abilities


You were on level 2 of the Dungeon.
You were not hungry.

You visited 1 branch of the dungeon, and saw 2 of its levels.

You collected 75 gold pieces.

Inventory:

Hand Weapons
 a - a +0 trident (weapon)
Missiles
 d - 3 throwing nets (quivered)
Armour
 c - a +0 helmet (worn)
 n - a +0 scale mail (worn)
Jewellery
 r - an uncursed amulet of magic regeneration {unknown}
Scrolls
 e - 2 scrolls of random uselessness {unknown}
 j - 4 scrolls of identify {unknown}
 m - a scroll of teleportation {unknown}
 o - a scroll of noise {unknown}
 q - 2 scrolls of magic mapping {unknown}
Potions
 h - a potion of lignification {unknown}
 i - a potion of ambrosia {unknown}
 k - a potion of resistance {unknown}
 l - a potion of brilliance {unknown}
 p - a potion of haste {unknown}
 s - a potion of heal wounds {unknown}
Comestibles
 b - 3 chunks of flesh
 f - 2 rations


   Skills:
 + Level 2.5 Fighting
 * Level 6.8 Polearms
 - Level 2.0 Throwing
 - Level 4.0 Dodging


You had 3 spell levels left.
You didn't know any spells.
Your spell library was empty.

Dungeon Overview and Level Annotations

Branches:
Dungeon (2/15)

Altars:
Fedhas

Annotations:
D:2 Sigmund


Message History

You closely miss the hobgoblin. The hobgoblin closely misses you.
You puncture the hobgoblin!
You kill the hobgoblin!
Something hits you!
No target in view!
Something hits you but does no damage.
Things that are here:
a +0 club; a hobgoblin corpse You butcher the hobgoblin corpse.
Things that are here:
a +0 club; 4 chunks of flesh; a hobgoblin skeleton Something hits you but does no damage.
You start resting.
Something hits you. Something hits you! Something hits you.
* * * LOW HITPOINT WARNING * * *
Something hits you!
* * * LOW HITPOINT WARNING * * *
It was a potion of curing.
You feel better. Something hits you!
You die...

....##....####
#.#............
#.##........... .
#.##...........######## ..
..##......####...##...##...
...........................
...###....##...............
.#...÷÷..>..............#
#.[<..÷.........@...?...#
..##.###...............##
.###...#.#..##..).....## .#
#...#.##.####....###
.###...#)##..#....#..#
.......#.###...##.##.#
.......................
.........###..##.#####..
.......#.# ##.##.# #.


There were no monsters in sight!

Vanquished Creatures
  2 adders (D:2)
  3 dart slugs (D:1)
  4 bats
  A giant cockroach (D:1)
  6 hobgoblins
  5 kobolds
  7 frilled lizards
  5 goblins
  6 rats
39 creatures vanquished.

Notes
Turn   | Place    | Note
-------+----------+-------------------------------------------
     0 | D:1      | Ajdolov the Merfolk Gladiator began the quest for the Orb.
     0 | D:1      | Reached XP level 1. HP: 16/16 MP: 1/1
   176 | D:1      | Reached skill level 5 in Polearms
   176 | D:1      | Reached XP level 2. HP: 16/22 MP: 2/2
   451 | D:1      | Reached XP level 3. HP: 28/28 MP: 3/3
   456 | D:1      | Reached skill level 6 in Polearms
  1106 | D:2      | Found a blossoming altar of Fedhas.
  1276 | D:2      | Reached XP level 4. HP: 34/34 MP: 4/4
  1296 | D:2      | Noticed Sigmund
  1312 | D:2      | Slain by Sigmund

Levels and vault maps discovered:
D:1:      dpeg_arrival_rhombi, layout_loops_cross
D:2:      layout_rooms, hangedman_decor_clover_reticule, fedhas_altar_3,
          uniq_sigmund

Skill      XL: |  1  2  3 |
---------------+----------+-----
Polearms       | 5 6 |  6.8
Fighting       | |  2.5
Throwing       | |  2.0
Dodging        | |  4.0

Action                   |  1- 3 |  4- 6 || total
-------------------------+-------+-------++-------
Melee: Trident           |   115 |     7 ||   122
  Use: Potion            |       |     1 ||     1
  Eat: Chunk             |     1 |       ||     1
Armor: Leather armour    |    14 |       ||    14
       Scale mail        |    25 |     1 ||    26
Dodge: Dodged            |    66 |     3 ||    69

Table legend:
 A = Non-vault XP
 B = Vault XP
 C = Vault XP percentage of total XP
 D = Non-vault monster count
 E = Vault monster count
 F = Vault count percentage of total count
                 A         B        C        D         E       F
            +---------+---------+-------+---------+---------+-------
      Total |      87 |       0 |   0.0 |      39 |       0 |   0.0
            +---------+---------+-------+---------+---------+-------
        D:1 |      49 |       0 |   0.0 |      27 |       0 |   0.0
        D:2 |      38 |       0 |   0.0 |      12 |       0 |   0.0
            +---------+---------+-------+---------+---------+-------
